AoeStats
← ccereal

Coastal Forest

510549125Analyzed
3v3 RM · 13h ago on Oct 1, 2026· 54m 53s· 6 players
Game mode
Random Map
Map size
Normal (6 player)
Population
200
Speed
Normal
Resources
Standard
Victory
Conquest
Starting age
Dark Age
Ending age
Imperial Age
RankedLock teamsTeams togetherTeam positionsShared explorationLock speedFull tech treeHidden civsTurbo modeCheats
Victory
Defeat
🇨🇳 Magyars · China
1469
+18
🇪🇸 Ethiopians · Spain
1454
+19
🇨🇳 Maya · China
1422
+20
🇫🇷 Mongols · France
1587
-22
🇫🇷 Vietnamese · France
1530
-20
🇫🇷 Italians · France
1418
-15
WCID
9:03 Feudal Age
8:57 Loom
9:50 Double-Bit Axe
9:46 Horse Collar
16:14 Scale Barding Armor
17:23 Bloodlines
22:44 Castle Age
20:53 Gold Mining
22:53 Light Cavalry
23:55 Chain Barding Armor
23:49 Bow Saw
29:05 Gold Shaft Mining
31:58 Heavy Plow
38:24 Wheelbarrow
42:11 Imperial Age
40:00 Stone Mining
41:26 Husbandry
41:33 Town Watch
41:41 Fletching
42:18 Cavalier
43:47 Plate Barding Armor
44:02 Paladin
51:51 Coinage
51:26 Caravan
55:32 Two-Man Saw
VaultBoy
8:01 Loom
9:48 Feudal Age
13:12 Fletching
15:48 Double-Bit Axe
21:54 Castle Age
22:30 Bodkin Arrow
22:00 Crossbowman
26:57 Wheelbarrow
30:14 Padded Archer Armor
34:55 Bow Saw
37:10 Leather Archer Armor
37:31 Gold Mining
38:12 Horse Collar
42:51 Imperial Age
40:42 Heavy Plow
41:13 Thumb Ring
41:57 Ballistics
42:17 Hand Cart
43:35 Bracer
42:58 Arbalester
44:46 Chemistry
44:30 Ring Archer Armor
44:32 Forging
45:05 Scale Barding Armor
48:44 Iron Casting
50:23 Light Cavalry
51:04 Husbandry
51:39 Chain Barding Armor
53:23 Blast Furnace
53:08 Hussar
小农民
0:33 Loom
9:49 Feudal Age
11:35 Double-Bit Axe
14:50 Fletching
16:48 Padded Archer Armor
21:03 Horse Collar
26:21 Castle Age
25:09 Gold Mining
26:24 Crossbowman
27:18 Thumb Ring
26:39 Crossbowman
27:24 Bodkin Arrow
27:45 Leather Archer Armor
29:14 Ballistics
33:57 Stone Mining
36:25 Wheelbarrow
37:33 Town Watch
45:06 Imperial Age
43:47 Elite Skirmisher
44:31 Hul'che Javelineers
45:20 Arbalester
47:16 Chemistry
45:58 Treadmill Crane
46:48 Conscription
50:20 Ring Archer Armor
50:44 Bracer
52:47 Bow Saw
54:04 Stone Shaft Mining
52:57 Pikeman
53:38 Squires
53:23 Arson
ccereal
5:52 Loom
8:00 Feudal Age
8:53 Double-Bit Axe
10:21 Arson
15:27 Forging
16:38 Scale Barding Armor
18:03 Bloodlines
21:14 Wheelbarrow
24:44 Castle Age
23:04 Horse Collar
25:17 Fletching
26:02 Chain Barding Armor
27:47 Husbandry
37:37 Bow Saw
42:29 Hand Cart
43:45 Gold Mining
44:48 Fortified Wall
45:05 Masonry
48:33 Imperial Age
45:48 Town Watch
46:36 Heavy Plow
48:54 Gold Shaft Mining
48:10 Stone Mining
49:02 Bodkin Arrow
49:43 Iron Casting
48:43 Onager
49:46 Drill
50:53 Chemistry
52:56 Siege Onager
La Momone 38
7:51 Loom
10:01 Feudal Age
16:02 Forging
15:58 Scale Barding Armor
20:26 Bloodlines
23:36 Castle Age
22:30 Horse Collar
22:48 Gold Mining
25:25 Iron Casting
27:22 Wheelbarrow
27:29 Chain Barding Armor
28:05 Husbandry
29:36 Double-Bit Axe
37:06 Imperial Age
35:04 Stone Mining
36:41 Hand Cart
36:12 Town Watch
37:12 Cavalier
39:04 Blast Furnace
38:39 Plate Barding Armor
38:35 Town Patrol
41:45 Conscription
44:16 Chemistry
44:11 Bow Saw
Flybidi
6:28 Loom
8:51 Feudal Age
12:32 Fletching
24:29 Castle Age
23:02 Padded Archer Armor
22:49 Double-Bit Axe
22:46 Horse Collar
23:01 Gold Mining
24:32 Crossbowman
25:09 Bodkin Arrow
27:16 Bow Saw
28:48 Leather Archer Armor
31:13 Ballistics
32:44 Wheelbarrow
34:16 Thumb Ring
41:46 Imperial Age
41:50 Arbalester
42:31 Bracer
43:44 Chemistry
45:27 Ring Archer Armor
46:44 Paper Money
48:06 Two-Man Saw
54:07 Hand Cart
Connection lost

Rejoining the realm…

Still unreachable

The connection could not be restored.

Session expired

The server has moved on; the page needs a fresh start.